 Dungeon Crawl Stone Soup version 0.20-a0-681-gf83e07f (webtiles) character file.

96 polly the Slasher (level 4, 0/34 HPs)
             Began as a Demonspawn Gladiator on Feb 19, 2017.
             Was an Initiate of Okawaru.
             Slain by polly's ghost (10 damage)
             ... on level 3 of the Dungeon.
             The game lasted 00:02:12 (1402 turns).

polly the Slasher (Demonspawn Gladiator)            Turns: 1402, Time: 00:02:12

Health: 0/34       AC:  4    Str: 12    XL:     4   Next: 41%
Magic:  0/4        EV: 13    Int: 10    God:    Okawaru [......]
Gold:   90         SH:  0    Dex: 14    Spells: 3/3 levels left

rFire    . . .     SeeInvis .   a - +0 long sword
rCold    . . .     Gourm    .   b - +0 leather armour
rNeg     . . .     Faith    .   (no shield)
rPois    .         Spirit   +   c - +0 helmet
rElec    .         Reflect  .   (no cloak)
rCorr    .         Harm     .   (no gloves)
MR       .....                  (no boots)
Stlth    +.........             (no amulet)
Regen    0.2/turn               (no ring)
MPRegen  0.1/turn               h - -3 ring of strength (curse)

@: no status effects
A: talons 1, magic shield
a: Renounce Religion


You were on level 3 of the Dungeon.
You worshipped Okawaru.
Okawaru was noncommittal.
You were hungry.

You visited 1 branch of the dungeon, and saw 3 of its levels.

You collected 90 gold pieces.

Inventory:

Hand Weapons
 a - a +0 long sword (weapon)
Missiles
 d - 3 throwing nets (quivered)
Armour
 b - a +0 leather armour (worn)
 c - a +0 helmet (worn)
Jewellery
 h - a cursed -3 ring of strength (left hand)
Scrolls
 e - a scroll of teleportation {unknown}
 i - a scroll of magic mapping {unknown}
 j - a scroll of identify {unknown}
 o - a scroll of blinking {unknown}
 p - a scroll of noise {unknown}
Potions
 k - a potion of invisibility {unknown}
 l - a potion of haste {unknown}
 m - 4 potions of curing {unknown}
Comestibles
 f - 2 bread rations
 g - 2 meat rations
 n - a royal jelly


   Skills:
 + Level 2.3 Fighting
 + Level 3.5 Long Blades
 + Level 1.7 Throwing
 + Level 1.5 Armour
 + Level 3.3 Dodging
 + Level 0.2 Stealth


You had 3 spell levels left.
You didn't know any spells.

Dungeon Overview and Level Annotations

Branches:
Dungeon (3/15)

Altars:
Okawaru

Annotations:
D:3 polly's ghost, weakling DsGl


Innate Abilities, Weirdness & Mutations

You have sharp toenails.
When hurt, damage is shared between your health and your magic reserves.


Message History

Polly's ghost is lightly damaged.
You barely miss polly's ghost.
Polly's ghost is lightly damaged.
Polly's ghost hits you. Polly's ghost barely misses you.
You hit polly's ghost but do no damage.
You claw polly's ghost, but do no damage.
Polly's ghost is lightly damaged.
Polly's ghost barely misses you.
You barely miss polly's ghost. Your kick misses polly's ghost.
Polly's ghost is lightly damaged.
Polly's ghost closely misses you.
You barely miss polly's ghost. Your kick misses polly's ghost.
Polly's ghost is lightly damaged.
Polly's ghost hits you!
You hit polly's ghost but do no damage.
Polly's ghost is lightly damaged.
Polly's ghost hits you!
* * * LOW HITPOINT WARNING * * *
Polly's ghost hits you!
You die...

≈≈≈≈≈≈..# ≈≈≈≈≈≈≈.#
≈≈≈≈≈≈≈.≈# .## ≈≈.♣≈≈≈≈..#
...## ≈≈♣_≈≈≈≈.≈# ## .....
≈≈...≈≈≈..######## #.####...
≈≈≈≈≈≈≈≈.≈.......###......#.
≈≈≈≈≈≈≈≈.≈W@# .......).#.
≈≈≈≈≈≈≈≈≈.#....# ##.......#.
≈....≈.≈.)##...###..........
≈.≈...≈..≈# #...............
#.#####.### .##..#.........
#.#####.# .##..#.........
#.......# ....#.........
#.##.#######... ..#.........
#.#..###.....# #.#.........


You could see polly's ghost.

Vanquished Creatures
  Robin (D:2)
  2 adders (D:2)
  An ooze (D:1)
  2 worms
  3 dart slugs
  A leopard gecko (D:2)
  3 giant cockroaches
  12 goblins
  7 hobgoblins
  4 kobolds
  5 bats
  5 frilled lizards
  5 rats
51 creatures vanquished.

Notes
Turn   | Place    | Note
-------+----------+-------------------------------------------
     0 | D:1      | polly the Demonspawn Gladiator began the quest for the Orb.
     0 | D:1      | Reached XP level 1. HP: 16/16 MP: 1/1
   120 | D:1      | Gained mutation: You have sharp toenails. [demonic ancestry]
   120 | D:1      | Reached XP level 2. HP: 19/22 MP: 2/2
   528 | D:2      | Noticed Robin
   539 | D:2      | Killed Robin
   539 | D:2      | Gained mutation: When hurt, damage is shared between your health and your magic reserves. [demonic ancestry]
   539 | D:2      | Reached XP level 3. HP: 15/27 MP: 3/3
   545 | D:2      | Reached skill level 1 in Armour
   880 | D:2      | Reached XP level 4. HP: 29/34 MP: 4/4
   941 | D:2      | Found an iron altar of Okawaru.
   959 | D:2      | Became a worshipper of Warmaster Okawaru
  1387 | D:3      | Found a faded altar of an unknown god.
  1387 | D:3      | Noticed polly's ghost (weakling DsGl)
  1402 | D:3      | Slain by polly's ghost

Vault maps used:
D:1:      minmay_arrival_glassed_features
D:2:      minmay_misc_feat_nine_boxes, minmay_curled_crystal, okawaru_trees_1,
          uniq_robin
D:3:      chequers_ecumenical_altar_island, uniq_natasha

Skill      XL: |  1  2  3 |
---------------+----------+-----
Dodging        | 3 |  3.3
Long Blades    | 3 |  3.5
Armour         | 1 |  1.5
Fighting       | |  2.3
Throwing       | |  1.7
Stealth        | |  0.2

Action                   |  1- 3 |  4- 6 || total
-------------------------+-------+-------++-------
Melee: Long sword        |   109 |    45 ||   154
       Kick              |    18 |    14 ||    32
  Use: Potion            |     1 |       ||     1
  Eat: Chunk             |       |     1 ||     1
Armor: Leather armour    |    36 |    17 ||    53
       Skin              |    49 |       ||    49
Dodge: Dodged            |    67 |    43 ||   110
       Rpst.: Long sword |    24 |    13 ||    37
